 Dungeon Crawl Stone Soup version 0.21.1-1-g345015fe64 (webtiles) character file.

556 Ryomija the Grappler (level 7, -15/66 HPs)
             Began as a Troll Monk on May 13, 2018.
             Demolished by frocskos's ghost (22 damage)
             ... on level 4 of the Dungeon.
             The game lasted 00:06:25 (2581 turns).

Ryomija the Grappler (Troll Monk)                   Turns: 2581, Time: 00:06:25

Health: -15/66     AC:  5    Str: 20    XL:     7   Next: 8%
Magic:  0/6        EV: 10    Int:  6    God:
Gold:   122        SH:  0    Dex: 14    Spells: 6/6 levels left

rFire    . . .     SeeInvis .     - Unarmed
rCold    . . .     Gourm    +   (no shield)
rNeg     . . .     Faith    .   a - +0 robe
rPois    .         Spirit   +   (helmet restricted)
rElec    .         Reflect  .   (no cloak)
rCorr    +         Harm     .   (gloves unavailable)
MR       +....                  (boots unavailable)
Stlth    ++........             l - amulet of guardian spirit
HPRegen  0.61/turn              i - ring of protection from magic
MPRegen  0.10/turn              n - ring of resist corrosion

@: no status effects
A: large, unfitting armour, claws 3, fast metabolism 3, gourmand, regeneration
1, shaggy fur 1, tough skin 2
a: no special abilities


You were on level 4 of the Dungeon.
You were completely stuffed.

You visited 1 branch of the dungeon, and saw 4 of its levels.

You collected 122 gold pieces.

Inventory:

Armour
 a - a +0 robe (worn)
Jewellery
 i - a ring of protection from magic (left claw)
 j - an uncursed ring of see invisible
 l - an amulet of guardian spirit (around neck)
 n - a ring of resist corrosion (right claw)
 s - a cursed -2 ring of strength {unknown}
Scrolls
 d - 2 scrolls of teleportation {unknown}
 e - 4 scrolls of enchant armour {unknown}
 f - 6 scrolls of identify {unknown}
 h - a scroll of amnesia {unknown}
 m - 3 scrolls of remove curse {unknown}
 o - a scroll of enchant weapon {unknown}
 t - a scroll of immolation {unknown}
Potions
 c - a potion of cancellation {unknown}
 g - a potion of degeneration {unknown}
 k - 2 potions of curing {unknown}
 q - a potion of haste {unknown}
 u - a potion of invisibility {unknown}
Books
 p - Sif Muna's Disquisition on Intoxication and the Mountains
   (You found it on level 4 of the Dungeon)

   Spells                             Type                      Level
   a - Sting                          Conjuration/Poison           1
   b - Petrify                        Transmutation/Earth          4
   c - Iron Shot                      Conjuration/Earth            6
   d - Shatter                        Earth                        9
Comestibles
 b - 10 rations
 r - 2 chunks of flesh


   Skills:
 * Level 2.6 Fighting
 - Level 2.4 Dodging
 - Level 1.0 Stealth
 + Level 8.1 Unarmed Combat


You had 6 spell levels left.
You didn't know any spells.

Dungeon Overview and Level Annotations

Branches:
Dungeon (4/15)
 Temple: D:4-7

Altars:

Annotations:
D:4 frocskos's ghost, novice TrMo


Innate Abilities, Weirdness & Mutations

You are too large for most types of armour.
You have claws for hands.
Your metabolism is lightning-fast.
You like to eat raw meat.
Your natural rate of healing is unusually fast.
You are covered in fur. (AC +1)
You have very tough skin. (AC +2)


Message History

You barely miss frocskos's ghost.
Frocskos's ghost is moderately damaged.
Frocskos's ghost hits you.
* * * LOW HITPOINT WARNING * * *
You claw frocskos's ghost!
Frocskos's ghost is heavily damaged.
Frocskos's ghost hits you!
* * * LOW HITPOINT WARNING * * *
You claw frocskos's ghost!
Frocskos's ghost is heavily damaged.
Frocskos's ghost hits you but does no damage.
You mangle frocskos's ghost!!
Frocskos's ghost is almost destroyed.
You scratch frocskos's ghost.
Frocskos's ghost is almost destroyed.
Frocskos's ghost hits you but does no damage.
You scratch frocskos's ghost.
Frocskos's ghost is almost destroyed.
Frocskos's ghost hits you!!
You die...

################################
#............................'..
#............................#..
#............................#..
#............................#..
#............................#..
#............................#..
##########.....@W............#..
##########.##.##....### ..
#.#####....##. ...
#...........#. ....
#.........).#. ..<..
#...........#.
......####W######'#.
#..................
.'..................


You could see frocskos's ghost.

Vanquished Creatures
  Grinder (D:3)
  A centaur (D:2)
  A howler monkey (D:3)
  An orc priest (D:4)
  2 orc wizards
  A worker ant (D:4)
  Natasha (D:4)
  5 adders
  A worm (D:4)
  A dart slug (D:3)
  A leopard gecko (D:1)
  5 orcs
  3 ball pythons
  6 giant cockroaches
  7 goblins
  5 hobgoblins
  3 jackals (D:3)
  2 quokkas
  7 bats
  3 frilled lizards
  5 kobolds
  4 rats
66 creatures vanquished.

Notes
Turn   | Place    | Note
-------+----------+-------------------------------------------
     0 | D:1      | Ryomija the Troll Monk began the quest for the Orb.
     0 | D:1      | Reached XP level 1. HP: 22/22 MP: 0/0
    37 | D:1      | Reached XP level 2. HP: 29/29 MP: 1/1
   198 | D:1      | Reached skill level 4 in Unarmed Combat
   403 | D:1      | Reached XP level 3. HP: 33/36 MP: 2/2
   702 | D:2      | Noticed a centaur
   728 | D:2      | Killed a centaur
   728 | D:2      | Reached skill level 5 in Unarmed Combat
   728 | D:2      | Reached XP level 4. HP: 37/44 MP: 3/3
  1235 | D:3      | Reached skill level 6 in Unarmed Combat
  1235 | D:3      | Reached XP level 5. HP: 47/50 MP: 4/4
  1530 | D:3      | Noticed Grinder
  1532 | D:3      | Paralysed by Grinder for 2 turns
  1557 | D:3      | Killed Grinder
  1557 | D:3      | Reached skill level 7 in Unarmed Combat
  1557 | D:3      | Reached XP level 6. HP: 17/59 MP: 0/5
  2080 | D:4      | Identified Sif Muna's Disquisition on Intoxication and the Mountains
  2218 | D:4      | Reached skill level 8 in Unarmed Combat
  2218 | D:4      | Reached XP level 7. HP: 44/66 MP: 6/6
  2450 | D:4      | Noticed Natasha
  2459 | D:4      | Killed Natasha
  2551 | D:4      | Noticed frocskos's ghost (novice TrMo)
  2581 | D:4      | Demolished by frocskos's ghost

Skill      XL: |  1  2  3  4  5  6 |
---------------+-------------------+-----
Unarmed Combat | 4 5 6 7 8 |  8.1
Fighting       | |  2.6
Dodging        | |  2.4
Stealth        | |  1.0

Action                   |  1- 3 |  4- 6 |  7- 9 || total
-------------------------+-------+-------+-------++-------
Melee: Unarmed           |    78 |    83 |    31 ||   192
       Punch             |     2 |       |       ||     2
 Stab: Sleeping          |     4 |     4 |       ||     8
  Eat: Chunk             |     8 |    18 |     3 ||    29
Armor: Robe              |    16 |    15 |     5 ||    36
Dodge: Dodged            |    42 |    30 |    11 ||    83
